Cogmind - Beta 10 @@@ ROGUE MODE // 2020.09.20 @ 15:00:23 Player: Tmvn Result: Destroyed by G-47 Trooper with Particle Gun Performance ------------- Evolutions (3) 1500 Regions Visited (6) 1200 Robots Destroyed (37) 185 Value Destroyed (1091) 1091 Prototype IDs (2) 40 Alien Tech Used (0) 0 Bonus (0) 0 TOTAL SCORE: 4016 Bonus ------- None Cogmind --------- Core Integrity 0/700 Matter 142/300 Energy 100/100 System Corruption 5% Temperature Cool (9) Movement Core (600) Ox11 Location -7/Factory Parts ------- > --- POWER (1) -------- (None) > --- PROPULSION (4) --- (None) > --- UTILITY (6) ------ High-capacity Storage Unit Advanced Signal Interpreter Advanced Terrain Scan Processor > --- WEAPON (2) ------- Spear > --- INVENTORY (12) --- Arc Projector Heavy Particle Gun Peak State ------------ > --- POWER ------------ Improved Deuterium Engine > --- PROPULSION ------- Improved Aluminum Leg Wheel Wheel Wheel > --- UTILITY ---------- High-capacity Storage Unit Advanced Signal Interpreter Advanced Terrain Scan Processor Transmission Jammer Improved Medium Armor Plating Long-range Tractor Beam > --- WEAPON ----------- Improved EM Pulse Cannon Enhanced Autogun > --- INVENTORY -------- Improved Ion Engine Light Nuclear Core Light Armor Plating Arc Projector Beam Rifle Heavy Particle Gun Assault Cannon Grenade Launcher Heavy Missile Launcher Spear [Rating: 37] Favorites ----------- Power Ion Engine Engine Ion Engine Propulsion Wheel Leg Aluminum Leg Wheel Wheel Utility Small Storage Unit Device Transmission Jammer Storage Small Storage Unit Processor Advanced Signal Interpreter Protection Improved Medium Armor Plating Weapon Small Laser Energy Gun Small Laser Energy Cannon Improved EM Pulse Cannon Ballistic Gun Minigun Ballistic Cannon Assault Cannon Launcher Heavy Missile Launcher Piercing Weapon Spear Build | -11 -10 -10 -9 -9 -8 -7 ------- Run | Scr Mat Min Mat Min Mat Fac Slots Evolved 6 | . . . 2 . 2 2 Power . | . . . . . . . Propulsion 2 | . . . . . 1 1 Utility 4 | . . . 2 . 1 1 Weapon . | . . . . . . . Parts Attached 59 | 7 2 3 6 . 21 20 Power 7 | 1 . . 1 . 3 2 Engine 7 | 1 . . 1 . 3 2 Core . | . . . . . . . Reactor . | . . . . . . . Propulsion 19 | 1 2 1 1 . 8 6 Treads . | . . . . . . . Leg 5 | 1 . . . . 2 2 Wheel 14 | . 2 1 1 . 6 4 Hover . | . . . . . . . Flight . | . . . . . . . Utility 16 | 3 . . 2 . 8 3 Device 7 | . . . 1 . 5 1 Storage 3 | 2 . . . . 1 . Processor 4 | 1 . . 1 . 1 1 Hackware . | . . . . . . . Protection 2 | . . . . . 1 1 Artifact . | . . . . . . . Weapon 17 | 2 . 2 2 . 2 9 Energy Gun 6 | 1 . 1 1 . 1 2 Energy Cannon 1 | . . . . . . 1 Ballistic Gun 6 | 1 . 1 1 . 1 2 Ballistic Cannon 2 | . . . . . . 2 Launcher 1 | . . . . . . 1 Special Weapon . | . . . . . . . Impact Weapon . | . . . . . . . Slashing Weapon . | . . . . . . . Piercing Weapon 1 | . . . . . . 1 Special Melee Weapon . | . . . . . . . Unidentified Prototypes 2 | . . . . . 2 . Parts Lost 31 | . . 1 1 . 10 19 Power 5 | . . . . . 3 2 Propulsion 12 | . . . 1 . 4 7 Utility 4 | . . . . . 1 3 Weapon 10 | . . 1 . . 2 7 Highest Loss Streak 14 | . . 1 1 . 6 14 Average Slot Usage (%) 90 | . 86 100 92 100 92 83 Engine 9 | . 14 14 11 11 8 6 Leg 2 | . 12 . . . 4 1 Wheel 19 | . 3 28 21 22 16 19 Device 11 | . . . 9 11 22 11 Storage 9 | . 14 14 11 11 9 7 Processor 14 | . 14 14 16 22 11 15 Protection 2 | . . . . . . 5 Energy Gun 7 | . 14 14 11 11 4 3 Energy Cannon 1 | . . . . . . 4 Ballistic Gun 9 | . 14 14 11 11 13 1 Naked Turns . | . . . . . . . Heaviest Build 63 | 12 12 12 16 16 50 63 Greatest Support 40 | 10 20 20 20 20 30 40 Greatest Overweight (x) 13 | 1 1 . . . 7 13 Average Overweight (x) . | . . . . . . 1 Largest Inventory Capacity 12 | 6 6 6 6 6 12 12 Average Capacity 8 | 5 6 6 6 6 7 12 Most Carried 12 | 3 6 6 6 6 7 12 Average Carried 5 | 1 3 5 5 6 4 7 Final Capacity 12 | 6 6 6 6 6 12 12 Final Carried 6 | 3 5 5 6 6 6 2 Class Distribution -------------------- 61% | Mutant 38% | Scavenger-Mutant Dominant Class ---------------- Mutant | -10/Materials Mutant | -10/Mines Scavenger-Mutant | -9/Materials Scavenger-Mutant | -9/Mines Mutant | -8/Materials Scavenger-Mutant | -7/Factory Resources | -11 -10 -10 -9 -9 -8 -7 ----------- Run | Scr Mat Min Mat Min Mat Fac Matter Collected 1060 | 248 . 137 95 . 400 180 Remotely 132 | . . . . . . 132 Salvage Created 1357 | 65 . 124 150 . 742 276 Parts 89 | 6 . 17 4 . 40 22 Haulers Intercepted . | . . . . . . . Recyclers Shooed 6 | . . 1 . . 2 3 Parts Field Recycled . | . . . . . . . Retrieved Matter . | . . . . . . . Parts Self-Destructed . | . . . . . . . Prevented . | . . . . . . . Kills | -11 -10 -10 -9 -9 -8 -7 ------- Run | Scr Mat Min Mat Min Mat Fac Combat Hostiles Destroyed 26 | . . 6 3 . 11 6 Guns 22 | . . 6 3 . 11 2 Cannons 1 | . . . . . . 1 AOE 2 | . . . . . . 2 Classes Destroyed 9 | 2 . 3 . . 3 1 Worker 4 | . . 1 . . 1 2 Builder 3 | . . . . . 2 1 Tunneler 1 | 1 . . . . . . Recycler 3 | 1 . . . . 1 1 Swarmer 7 | . . 5 . . . 2 Grunt 12 | . . 1 3 . 8 . Duelist 1 | . . . . . 1 . Sentry 4 | . . . . . 2 2 Programmer 2 | . . . . . . 2 Best Kill Streak 5 | 2 . 3 3 . 3 5 Combat Bots Only 3 | . . 3 3 . 3 3 Max Kills in Single Turn 2 | 1 . 1 1 . 1 2 Gunslinging . | . . . . . . . Exploded 1 | . . . . . . 1 Melee . | . . . . . . . Uniques/NPCs Destroyed . | . . . . . . . Combat | -11 -10 -10 -9 -9 -8 -7 -------- Run | Scr Mat Min Mat Min Mat Fac Damage Taken 3686 | . . 251 94 10 1101 2230 Core 884 | . . 29 12 10 128 705 Absorbed by Shields . | . . . . . . . Core Remaining (%) 89 | 100 . 88 . 94 76 . Volleys Fired 130 | 5 . 31 10 . 53 31 Largest 2 | 2 . 2 2 . 2 2 Hottest 119 | 60 . 70 75 . 75 119 Shots Fired 254 | 10 . 60 20 . 106 58 Gun 216 | 10 . 60 20 . 106 20 Cannon 34 | . . . . . . 34 Launcher 4 | . . . . . . 4 Special . | . . . . . . . Kinetic 167 | 5 . 31 10 . 88 33 Thermal 39 | 5 . 29 . . . 5 Explosive 4 | . . . . . . 4 Electromagnetic 44 | . . . 10 . 18 16 Robot Hit Streak 16 | 4 . 9 13 . 15 16 Robot Miss Streak 4 | 4 . 4 3 . 2 2 Penetration Max . | . . . . . . . Secondary Targets 3 | . . 1 . . 2 . Max Gunslinging Chain 1 | . . 1 . . 1 . Shots Hit Robots 164 | 4 . 36 14 . 72 38 Core Hits 66 | 3 . 11 4 . 27 21 Critical Hits 3 | . . . . . 1 2 Critical Kills 1 | . . . . . 1 . Critical Parts Destroyed 2 | . . . . . . 2 Melee Attacks 2 | . . . . . . 2 Impact . | . . . . . . . Slashing . | . . . . . . . Piercing 2 | . . . . . . 2 Sneak Attacks 2 | . . . . . . 2 Combat Hostiles . | . . . . . . . Follow-up Attacks . | . . . . . . . Damage Inflicted 3060 | 49 . 413 229 . 1222 1147 Guns 2144 | 49 . 413 229 . 1222 231 Cannons 469 | . . . . . . 469 Explosions 274 | . . . . . . 274 Melee 173 | . . . . . . 173 Ramming . | . . . . . . . Kinetic 1641 | 15 . 169 80 . 932 445 Thermal 403 | 34 . 244 . . . 125 Explosive 192 | . . . . . . 192 Electromagnetic 651 | . . . 149 . 290 212 Impact . | . . . . . . . Slashing . | . . . . . . . Piercing 173 | . . . . . . 173 Highest Corruption 5 | . 1 1 . . 2 5 Average Corruption 1 | . 1 1 . . 2 2 Corruption Purged . | . . . . . . . Effects 18 | . . 3 . . 7 8 Message Errors 4 | . . . . . 3 1 Matter Fused 1 | . . . . . . 1 Heat Flow Errors 2 | . . . . . 1 1 Energy Discharges 3 | . . 1 . . . 2 Data Loss (minor) 2 | . . . . . 1 1 Targeting Errors 5 | . . 2 . . 2 1 Weapon Failures 1 | . . . . . . 1 Overload Shots . | . . . . . . . Overflow Damage 96 | . . . . . . 96 Projectiles 3 | . . . . . . 3 Explosions 29 | . . . . . . 29 Melee 64 | . . . . . . 64 Knockbacks 6 | . . . . . . 6 Impact . | . . . . . . . Kinetic 6 | . . . . . . 6 Secondary . | . . . . . . . Self-Inflicted Damage 214 | . . . . . . 214 Shots 4 | . . . . . . 4 Rammed . | . . . . . . . Targets Rammed . | . . . . . . . Kicked . | . . . . . . . Crushed . | . . . . . . . Highest Temperature 260 | . . 96 131 . 260 206 Average Temperature 51 | . . 41 64 . 46 56 Received Heat Transfer 1209 | . . 102 54 6 558 489 Siege Activations . | . . . . . . . Robots Corrupted 1 | . . . . . . 1 Combat Hostiles 1 | . . . . . . 1 Parts Fried 2 | . . . 1 . . 1 Impact Corruptions . | . . . . . . . Robots Melted . | . . . . . . . Combat Hostiles . | . . . . . . . Parts Melted . | . . . . . . . Heat Transferred 822 | 75 . 586 . . . 161 Parts Sabotaged . | . . . . . . . Parts Stolen . | . . . . . . . Parts Stripped . | . . . . . . . Power Chain Reactions 1 | . . . . . . 1 Missiles Intercepted . | . . . . . . . Alert | -11 -10 -10 -9 -9 -8 -7 ------- Run | Scr Mat Min Mat Min Mat Fac Peak Influence 180 | 10 6 136 157 61 180 162 Initial 77 | . 6 1 52 61 23 77 Average 68 | 4 6 99 83 61 56 82 Maximum Alert Level . | . . . . . . . Low Security (%) 100 | 100 100 100 100 100 100 100 Level 1 . | . . . . . . . Level 2 . | . . . . . . . Level 3 . | . . . . . . . Level 4 . | . . . . . . . Level 5 . | . . . . . . . High Security . | . . . . . . . Max Security . | . . . . . . . Squads Dispatched 5 | . 1 . . . 1 3 Investigation . | . . . . . . . Extermination 1 | . . . . . . 1 Reinforcement 4 | . 1 . . . 1 2 Assault . | . . . . . . . Garrison . | . . . . . . . Intercept . | . . . . . . . Construction Impeded 1 | . . . . . . 1 Haulers Reinforced . | . . . . . . . Stealth | -11 -10 -10 -9 -9 -8 -7 --------- Run | Scr Mat Min Mat Min Mat Fac Distress Signals 3 | . . . . . 2 1 Communications Jammed 3 | . . . . . 3 . Distress Signals . | . . . . . . . Times Spotted 54 | . 2 11 7 2 18 14 Peak Tracking Total 8 | . 2 4 5 2 8 5 Tactical Retreats 8 | . . 2 1 . 2 3 Traps | -11 -10 -10 -9 -9 -8 -7 ------- Run | Scr Mat Min Mat Min Mat Fac Traps Triggered 4 | . 1 . . . 2 1 Indirectly . | . . . . . . . Trap Hack Attempts . | . . . . . . . Triggered . | . . . . . . . Disarmed . | . . . . . . . Reprogrammed . | . . . . . . . Reused . | . . . . . . . Traps Extracted . | . . . . . . . Installed . | . . . . . . . Triggered . | . . . . . . . Machines | -11 -10 -10 -9 -9 -8 -7 ---------- Run | Scr Mat Min Mat Min Mat Fac Machines Disabled 5 | . . . 1 . 1 3 Max in Single Turn 2 | . . . 1 . 1 2 Machines Sabotaged . | . . . . . . . Garrisons Compromised . | . . . . . . . Overloaded Fab Kills . | . . . . . . . Fab Network Shutdowns . | . . . . . . . Hacking | -11 -10 -10 -9 -9 -8 -7 --------- Run | Scr Mat Min Mat Min Mat Fac Machines Accessed 9 | . 1 . 1 1 4 2 Terminals 5 | . 1 . 1 1 2 . Fabricators . | . . . . . . . Repair Stations 2 | . . . . . 1 1 Recycling Units 1 | . . . . . . 1 Scanalyzers 1 | . . . . . 1 . Garrison Access . | . . . . . . . Total Hacks 16 | . 3 . 1 1 7 4 Successful 12 | . 1 . 1 . 7 3 Failed 4 | . 2 . . 1 . 1 Catastrophic . | . . . . . . . Database Lockouts . | . . . . . . . Manual . | . . . . . . . Terminals 8 | . 3 . 1 1 3 . Fabricators . | . . . . . . . Repair Stations 4 | . . . . . 2 2 Recycling Units 2 | . . . . . . 2 Scanalyzers 2 | . . . . . 2 . Garrison Access . | . . . . . . . Terminal Hacks 5 | . 1 . 1 . 3 . Record 1 | . . . . . 1 . Emergency Access Points 1 | . . . . . 1 . Unreport Threat 1 | . . . . . 1 . Dispatch Records 1 | . . . 1 . . . Hauler Manifests 1 | . 1 . . . . . Fabricator Hacks . | . . . . . . . Repair Station Hacks 4 | . . . . . 2 2 Scan Component 2 | . . . . . 1 1 Repair 2 | . . . . . 1 1 Recycling Unit Hacks 1 | . . . . . . 1 Process 1 | . . . . . . 1 Scanalyzer 2 | . . . . . 2 . Insert Component 1 | . . . . . 1 . Analyze 1 | . . . . . 1 . Garrison Access Hacks . | . . . . . . . Unauthorized Hacks . | . . . . . . . Terminals . | . . . . . . . Fabricators . | . . . . . . . Repair Stations . | . . . . . . . Recycling Units . | . . . . . . . Scanalyzers . | . . . . . . . Garrison Access . | . . . . . . . Data Cores Recovered . | . . . . . . . Used . | . . . . . . . Hacking Detections 5 | . . . . 1 2 2 Full Trace Events . | . . . . . . . Feedback Events . | . . . . . . . Feedback Blocked . | . . . . . . . Robot Schematics Acquired . | . . . . . . . Robots Built . | . . . . . . . Matter . | . . . . . . . Time . | . . . . . . . Total Robot Build Rating . | . . . . . . . Part Schematics Acquired 1 | . . . . . 1 . Parts Built . | . . . . . . . Matter . | . . . . . . . Time . | . . . . . . . Total Part Build Rating . | . . . . . . . Parts Repaired 2 | . . . . . 1 1 Time 64 | . . . . . 38 26 Parts Recycled . | . . . . . . . Recycled Matter . | . . . . . . . Retrieved Matter . | . . . . . . . Retrieved Components . | . . . . . . . Parts Scanalyzed 1 | . . . . . 1 . Part Schematics Acquired 1 | . . . . . 1 . Parts Damaged . | . . . . . . . Bothacking | -11 -10 -10 -9 -9 -8 -7 ------------ Run | Scr Mat Min Mat Min Mat Fac Used RIF Installer . | . . . . . . . Robots Hacked . | . . . . . . . Non-combat . | . . . . . . . Combat . | . . . . . . . Robot Hacks Applied . | . . . . . . . Relay Couplers Released . | . . . . . . . Robots Rewired . | . . . . . . . Allies Hacked . | . . . . . . . Hacks Repelled . | . . . . . . . Allies | -11 -10 -10 -9 -9 -8 -7 -------- Run | Scr Mat Min Mat Min Mat Fac Total Allies 2 | . . . . 2 . . Largest Group 2 | . . . . 2 . . Highest-Rated Group 45 | . . . . 45 . . Highest-Rated Ally 31 | . . . . 31 . . Total Orders . | . . . . . . . Ally Attacks . | . . . . . . . Total Damage . | . . . . . . . Kills . | . . . . . . . Allies Corrupted . | . . . . . . . Allies Melted . | . . . . . . . Intel | -11 -10 -10 -9 -9 -8 -7 ------- Run | Scr Mat Min Mat Min Mat Fac Robot Analysis Total . | . . . . . . . Derelict Logs Recovered 1 | . . 1 . . . . Drone Launches . | . . . . . . . Drone Recoveries . | . . . . . . . Exploration | -11 -10 -10 -9 -9 -8 -7 ------------- Run | Scr Mat Min Mat Min Mat Fac Turns Passed 2215 | 98 169 385 191 18 606 748 Spaces Moved 1697 | 57 122 357 183 23 403 552 Core 27 | 8 . . . . 9 10 Treads . | . . . . . . . Legs 198 | 49 94 . . . 52 3 Wheels 1472 | . 28 357 183 23 342 539 Hover . | . . . . . . . Flight . | . . . . . . . Fastest Speed 50 | 50 80 80 80 80 80 90 Average Speed 97 | 124 134 80 80 80 96 105 Slowest Speed 700 | 150 150 80 80 80 400 700 Overloaded Moves . | . . . . . . . Propulsion Burnouts . | . . . . . . . Robots Hopped . | . . . . . . . Cave-ins Triggered . | . . . . . . . Exploration Rate (%) 27 | 4 30 81 16 6 43 15 Regions Visited 6 Branch Regions 2 Pre-discovered Areas . | . . . . . . . Known Exits Taken 1 | . . . 1 . . . Unknown Exits Taken 5 | 1 1 1 . 1 1 . Scrap Searched 2 | . . 2 . . . . Spaces Dug . | . . . . . . . Terrain Destroyed 37 | . . . . . . 37 Melee . | . . . . . . . Projectile 2 | . . . . . . 2 AOE 35 | . . . . . . 35 Terrain Rammed . | . . . . . . . Walls Destroyed . | . . . . . . . Machines Disabled . | . . . . . . . Actions | -11 -10 -10 -9 -9 -8 -7 --------- Run | Scr Mat Min Mat Min Mat Fac Total 2029 | 71 127 400 208 22 539 662 Wait 100 | . . 7 7 . 45 41 Move 1691 | 56 121 356 182 22 402 552 Hop . | . . . . . . . Pick Up 20 | 2 2 1 1 . 8 6 Fast Attach 28 | 7 2 . 2 . 10 7 Attach 19 | . . 1 1 . 6 11 Detach 8 | 1 1 . . . 1 5 Swap 12 | . . 2 3 . 5 2 Drop 19 | . 1 2 2 . 9 5 Fire 130 | 5 . 31 10 . 53 31 Melee 2 | . . . . . . 2 Ram . | . . . . . . . Kick . | . . . . . . . Crush . | . . . . . . . Escape Stasis . | . . . . . . . Rewire . | . . . . . . . Trap . | . . . . . . . Miscellaneous . | . . . . . . . Route ------- -11/Scrapyard -10/Materials -10/Mines -9/Materials (discovered 2 exits: *Min x2) -9/Mines -8/Materials -7/Factory History --------- Turn | Location | Event 27 | -11/Scrapyard | Discovered new exit (range 15) 99 | -11/Scrapyard | Entered Materials 218 | -10/Materials | Discovered new exit (range 12) 268 | -10/Materials | Entered Mines 308 | -10/Mines | Build established: Mutant 649 | -10/Mines | Discovered new exit (range 6) 653 | -10/Mines | Entered Materials 653 | -9/Materials | Evolved 2 slots: Utility x2 654 | -9/Materials | Identified exit to Mines 844 | -9/Materials | Entered Mines 855 | -9/Mines | Discovered new exit (range 9) 862 | -9/Mines | Entered Materials 862 | -8/Materials | Evolved 2 slots: Propulsion x1, Utility x1 1146 | -8/Materials | Lost 6 parts (2p3n1w) 1213 | -8/Materials | Repaired Adv. Sensor Array 1455 | -8/Materials | Discovered new exit (range 14) 1468 | -8/Materials | Entered Factory 1468 | -7/Factory | Evolved 2 slots: Propulsion x1, Utility x1 1751 | -7/Factory | Build established: Scavenger-Mutant 1893 | -7/Factory | Repaired Wheel 2121 | -7/Factory | Core integrity fell below 50% 2160 | -7/Factory | Core integrity fell below 20% 2162 | -7/Factory | Lost 14 parts (2p5n3u4w) 2216 | -7/Factory | Destroyed by G-47 Trooper with Particle Gun Last Messages --------------- U-05 Engineer lays Concrete. Acquired Com. Wheel. U-05 Engineer builds a Wall. U-05 Engineer lays Concrete. R-06 Scavenger collects Wheel. Acquired 17 matter. U-05 Engineer lays Concrete. U-05 Engineer builds a Wall. Acquired Wheel. R-06 Scavenger collects Sml. Matter Pod. Assault Cannon destroyed. U-05 Engineer lays Concrete. U-05 Engineer builds a Wall. =4O3TQO=E,N= BM3PNBDW9QZ2CXY6N&H Com. Wheel destroyed. Sneak attack on U-05 Engineer. Destroyed Lgt. Ion Engine. Destroyed Wheel. Wheel destroyed. System corrupted: Matter fused (-10). Map ----- +----------------------------------------------------+ | ???????# # """ """ """ ## | | ???????# # """ """ """ ## | | ???????# ^ # ! !####### | | ???????# ^ ##################?????? | | ???????# #??????????????????????? | | ???????# #?????????????????? | | ???????#### ###### #????????????????? | | ???????# #??????????????????"" | | ???????# ! !# #??????????????????G | | ???????# # #??????????????????"" " | | ???????# """ """ / #??????????????????? " | | ???????# """ """ # +????????????????????? " | | ???????# """ """ # g# ???????????????????? " | | ???????#] # # ?????????????????????? | | ???????# | """ """ # #??????????????????????? | | ???????# """ """ # #??????????????????????? | | ???????# """ """ + #??????????????????????? | | ???????# #####g#??????????????????????? | | ???????# #???# #??????????????????????? | | ???????##############???#g#??????????????????????? | | ????????????????????????# #??????????????????????? | | ????????????????????????# #??????????????????????? | | ????????????????????????# #??????????????????????? | | ????????????????????????# #??????????????????????? | | ????????????????????????# #??????????????????????? | | ????????????????????????#@#??????????????????????? | | ????????????????????????#u#??????????????????????? | | ????????????????????????# #??????????????????????? | | ????????????????????????# #??????????????????????? | | ???????????????????????? ??????????????????????? | | ???????????????????????? T ??????????????????????? | | ????????????????????????"" ??????????????????????? | | ???????????????????????? ??????????????????????? | | ???????????????????????? ??????????????????????? | | ???????????????????????? ??????????????????????? | | ???????????????????????# #?????????????????????? | | ???????????????????????+ ?????????????????????? | | ???????????????????????#?? ?????????????????????? | | ??????????????????????????? ?????????????????????? | | ???????????????????????????#?????????????????????? | | ?????????????????????????????????????????????????? | | ?????????????????????????????????????????????????? | | ?????????????????????????????????????????????????? | | ?????????????????????????????????????????????????? | | ?????????????????????????????????????????????????? | | ?????????????????????????????????????????????????? | | ?????????????????????????????????????????????????? | | ?????????????????????????????????????????????????? | | ?????????????????????????????????????????????????? | | ?????????????????????????????????????????????????? | +----------------------------------------------------+ Best States ------------- Heat Dissipation 34 Energy Generation 18 Energy Capacity 290 Matter Stores 300 Matter Capacity 300 Sight Range 16 Robot Scan Range 16 Terrain Scan Density 210 Jamming Range 8 Armor Coverage 225 Evasion (%) 44 Item Schematics ----------------- Ion Engine | -8/Materials | Scanalyzed Robot Schematics ------------------ None Fabricated ------------ Nothing Alien Tech Used ----------------- None Achievements -------------- Use The Force Challenges ------------ None Game ------ Seed EtherialRemoteRipper Manual? 0 Play Time 00:36:30 Cumulative 8.0 hours Start 2020.09.20 @ 13:26:10 End 2020.09.20 @ 15:00:23 Sessions 7 Manual Loads 0 Difficulty Rogue Special Mode None Game No. 19 Rogue 19 Adventurer 0 Explorer 0 Win Type - Total 0 Types 0/0/0/0/0/0/0/0/0 Lore% 8 Gallery% 20 Achievement% 21 Wizard Run 0 Options --------- ASCII 1 Keyboard 1 Movement Vi Keybinds 0 Fullscreen 2 Font 24/Terminus Map View 76x50 Tactical HUD 0 Map Filters BRIGHTNESS(90)|SATURATION(66) Filters BRIGHTNESS(90)|SATURATION(66) Steam X RUN: e57ec30d-6155-4666-974d-673c54a3a663